[Event "*** Titled Tuesday Blitz"]
[Site "Chess.com"]
[Date "2018.01.02"]
[Round "2"]
[White "Iball95"]
[Black "FrankieJay"]
[Result "1-0"]
[WhiteElo "2593"]
[BlackElo "2301"]
[TimeControl "180+2"]
[EndTime "13:21:15 PST"]
[Termination "Iball95 won by resignation"]

1. d4 Nf6 2. Bf4 g6 3. Nc3 d5 4. e3 Bg7 5. h4 h5 6. Nf3 O-O 7. Be2 Bg4 8. Ne5 Bxe2 9. Qxe2 Nbd7 10. f3 Nxe5 11. Bxe5 Nd7 12. Bxg7 Kxg7 13. Nxd5 e5 14. dxe5 Nxe5 15. O-O-O c6 16. Nf4 Qf6 17. g4 hxg4 18. fxg4 Rfe8 19. Rdf1 Kf8 20. h5 Qg5 21. hxg6 Nxg6 22.
Qc4 Kg8 23. Nh5 Qxe3+ 24. Kb1 Re7 25. Nf6+ Kf8 26. a3 Rd8 27. Rh7 Rd4 28. Rxf7+ Rxf7 29. Nh7+ Kg7 30. Qxf7+ Kh6 31. Rh1+ 1-0

[Event "*** Titled Tuesday Blitz"]
[Site "Chess.com"]
[Date "2018.01.02"]
[Round "2"]
[White "ftorodent"]
[Black "mokerslag"]
[Result "1-0"]
[WhiteElo "2465"]
[BlackElo "2354"]
[TimeControl "180+2"]
[EndTime "13:21:20 PST"]
[Termination "ftorodent won by resignation"]

1. d4 Nf6 2. c4 g6 3. Nc3 Bg7 4. e4 d6 5. g3 O-O 6. Bg2 Nc6 7. Nge2 a6 8. O-O Rb8 9. f4 e5 10. d5 Na5 11. fxe5 dxe5 12. c5 b6 13. b4 Nc4 14.
Qd3 b5 15. a4 c6 16. axb5 axb5 17. h3 Bd7 18. Qf3 h6 19. Rd1 Qc8 20. dxc6 Bxc6 21. Ra7 Ra8 22. Rxa8 Qxa8 23. Nd5 Bxd5 24. exd5 e4 25.
Qb3 Nxd5 26. Bxe4 Rd8 27. Nf4 Nc3 28. Bxa8 Rxd1+ 29. Qxd1 Nxd1 30. c6 Nb6 31. c7 Be5 32. Nd5 Nc3 33. Nxb6 Bxc7 34. Nd5 Be5 35. Nxc3 Bxc3 36.
Ba3 Be5 37. Kg2 f5 38. Bc6 f4 39. gxf4 Bxf4 40. Bxb5 1-0

[Event "*** Titled Tuesday Blitz"]
[Site "Chess.com"]
[Date "2018.01.02"]
[Round "2"]
[White "BillForster"]
[Black "JordiQC"]
[Result "1/2-1/2"]
[WhiteElo "1516"]
[BlackElo "1853"]
[TimeControl "180+2"]
[EndTime "13:21:20 PST"]
[Termination "Game drawn by agreement"]

1. d4 d5 2. c4 c6 3. Nc3 Nf6 4. Nf3 dxc4 5. a4 Bf5 6. e3 e6 7. Bxc4 Bb4 8. O-O O-O 9. Bd2 Nbd7 10. Na2 Bxd2 11. Nxd2 c5 12. Nf3 Qc7 13. Bd3 Bg4 14. Rc1 Qd6 15. dxc5 Bxf3 16. Bxh7+ Kxh7 17. Qxd6 Bd5 18. Nc3 Rfd8 19. Nxd5 Nxd5 20. Qg3 N7f6 21. Rfd1 Rac8 22.
Qh4+ Kg8 23. e4 Ne7 24. Rxd8+ Rxd8 25. Qf4 Ng6 26. Qc7 Rd7 27. Qc8+ Kh7 28. f3 Ne7 29. Qa8 a6 30. b4 Nc6 31. b5 Nd4 32. Kf2 axb5 33.
axb5 Nxb5 34. c6 bxc6 35. Qxc6 Nd4 36. Qc8 1/2-1/2

[Event "*** Titled Tuesday Blitz"]
[Site "Chess.com"]
[Date "2018.01.02"]
[Round "2"]
[White "Keaton87"]
[Black "Kacparov"]
[Result "0-1"]
[WhiteElo "2543"]
[BlackElo "2665"]
[TimeControl "180+2"]
[EndTime "13:21:22 PST"]
[Termination "Kacparov won by resignation"]

1. d4 Nf6 2. Bg5 c5 3. Nc3 Qa5 4. dxc5 Ne4 5. Bd2 Nxd2 6. Qxd2 Qxc5 7. O-O-O Qxf2 8. Nf3 Qc5 9. e4 a6 10. e5 g6 11. Ne4 Qb6 12. Bc4 Bg7 13. Qf4 O-O 14.
Qh4 h6 15. Qg3 Qe3+ 16. Ned2 Nc6 17. Rhe1 Qc5 18. Bb3 Na5 19. Ne4 Nxb3+ 20. axb3 Qa5 21. Kb1 b6 22. h4 h5 23. Qf4 Ra7 24. Rd3 Rc7 25.
Red1 Rc6 26. Rd5 b5 27. Neg5 Qc7 28. Nd4 Rc5 29. Rxc5 Qxc5 30. Ndf3 Qc6 31. Rd3 Bb7 32. Rc3 Qb6 33. Rd3 Bc6 34. Nd4 Qc5 35. Ndf3 a5 36. Qe3 Qxe3 37. Rxe3 Bh6 38. Nd4 f6 39. exf6 exf6 40.
Nxc6 dxc6 0-1

[Event "*** Titled Tuesday Blitz"]
[Site "Chess.com"]
[Date "2018.01.02"]
[Round "2"]
[White "goingin33"]
[Black "AndrewDGreen"]
[Result "1-0"]
[WhiteElo "2239"]
[BlackElo "2097"]
[TimeControl "180+2"]
[EndTime "13:21:24 PST"]
[Termination "goingin33 won by resignation"]

1. Nf3 g6 2. e4 Bg7 3. d4 c5 4. dxc5 Na6 5. Bxa6 bxa6 6. c3 Bb7 7. Qd3 a5 8. Be3 Nf6 9. Nbd2 O-O 10. O-O Qc7 11. h3 Qc6 12. Nd4 Qa6 13. Qxa6 Bxa6 14. Rfe1 Rab8 15. b3 Rfc8 16. c4 a4 17. e5 Ne8 18.
N4f3 Nc7 19. Rab1 Ne6 20. b4 Bb7 21. a3 a5 22. Kf1 Ba6 23. b5 Bb7 24. b6 Nxc5 25. Rb5 Nd3 26. Reb1 Bxf3 27. Nxf3 Rxc4 28. Rxa5 Rcc8 29. b7 Rd8 30. Ba7 Nf4 31. Bxb8 Rxb8 32.
Ra8 1-0

[Event "*** Titled Tuesday Blitz"]
[Site "Chess.com"]
[Date "2018.01.02"]
[Round "2"]
[White "krzyzan94"]
[Black "Marcus_Harvey"]
[Result "1-0"]
[WhiteElo "2612"]
[BlackElo "2567"]
[TimeControl "180+2"]
[EndTime "13:21:29 PST"]
[Termination "krzyzan94 won by resignation"]

1. e4 e6 2. d4 d5 3. Nc3 Nf6 4. e5 Nfd7 5. f4 c5 6. Nf3 Nc6 7.
Be3 a6 8. Qd2 Qb6 9. Na4 Qb4 10.
Qxb4 Nxb4 11. Kd2 b6 12. dxc5 bxc5 13. c3 Nc6 14. Bf2 Bb7 15. Kc2 Rc8 16. b3 Be7 17.
Nb2 O-O 18. Be2 f6 19. exf6 Nxf6 20. Ng5 Nd8 21. Bf3 h6 22. Nh3 Ne4 23. Bxe4 dxe4 24. Be3 Nf7 25. Nc4 Nd6 26. Nxd6 Bxd6 27. Rad1 Rcd8 28. Rxd6 Rxd6 29. Bxc5 Rd3 30. Bxf8 Kxf8 31. Re1 Rd6 32. Nf2 e3 33. Rxe3 Bxg2 34. c4 Ke7 35. Nd3 Kf6 36. Kc3 a5 37. a3 g5 38. fxg5+ hxg5 39. b4 axb4+ 40. axb4 Kf5 41. b5 Be4 42. Nf2 Ba8 43.
Rd3 Rxd3+ 44. Kxd3 Kf4 45. c5 Ke5 46. Kc4 Bd5+ 47.
Kb4 Kd4 48. c6 e5 49. c7 Bb7 50. Ka5 Kc5 51. Ne4+ Kd4 52. Nd6 1-0

[Event "*** Titled Tuesday Blitz"]
[Site "Chess.com"]
[Date "2018.01.02"]
[Round "2"]
[White "Indianlad"]
[Black "juniortay"]
[Result "1-0"]
[WhiteElo "2654"]
[BlackElo "2296"]
[TimeControl "180+2"]
[EndTime "13:21:33 PST"]
[Termination "Indianlad won by resignation"]

1. d4 Nf6 2. Nf3 g6 3. Bg5 Bg7 4. Nbd2 O-O 5. e4 d5 6. e5 Ne4 7. Be3 c5 8. dxc5 Nc6 9. Bf4 Nxc5 10. Nb3 Ne4 11. c4 Bf5 12. h3 h5 13. cxd5 Nb4 14.
Nfd4 Nxd5 15. Nxf5 gxf5 16. Qxh5 Nxf4 17. Qxf5 Nd3+ 18.
Bxd3 Qxd3 19. Rd1 Qc2 20. Nd4 Qxb2 21. Qxe4 Qb4+ 22. Ke2 Rad8 23. Rd3 Qc4 24. Rd1 Rd5 25. f4 Rfd8 26. Ke3 Qxa2 27. Nf5 Rxd3+ 28. Rxd3 Re8 29. g4 Qa1 30. Kf2 Qb2+ 31. Kg3 e6 32. Nd6 Rf8 33.
h4 Qb1 34. Rd2 b5 35. Qxb1 1-0

[Event "*** Titled Tuesday Blitz"]
[Site "Chess.com"]
[Date "2018.01.02"]
[Round "2"]
[White "DiamondCrusher22"]
[Black "AljoschaFeuerstack"]
[Result "0-1"]
[WhiteElo "1940"]
[BlackElo "1812"]
[TimeControl "180+2"]
[EndTime "13:21:34 PST"]
[Termination "AljoschaFeuerstack won on time"]

1. e4 c5 2. Nf3 e6 3. c3 Nf6 4. e5 Nd5 5. d4 cxd4 6. cxd4 b6 7. a3 Be7 8. Bd3 Ba6 9. O-O Bxd3 10. Qxd3 O-O 11.
Nc3 Nxc3 12. bxc3 d6 13. Qe4 Nd7 14. Qg4 dxe5 15. dxe5 Kh8 16. Rd1 Qc7 17. Bf4 Rad8 18. Rd3 Nc5 19. Re3 Rd3 20. Rxd3 Nxd3 21. Rd1 Qxc3 22. Nd2 Qc2 23. Qe2 Nxf4 24. Qf3 Rd8 25. Nf1 Rxd1 0-1

[Event "*** Titled Tuesday Blitz"]
[Site "Chess.com"]
[Date "2018.01.02"]
[Round "2"]
[White "nicegg"]
[Black "VeraNebolsina"]
[Result "0-1"]
[WhiteElo "1990"]
[BlackElo "2054"]
[TimeControl "180+2"]
[EndTime "13:21:34 PST"]
[Termination "VeraNebolsina won by checkmate"]

1. e4 c5 2. Qh5 e6 3. f4 Nf6 4. Qf3 Nc6 5. c3 b6 6. d3 Bb7 7.
g4 d5 8. Nd2 c4 9. g5 dxe4 10.
dxe4 Nd7 11. Bxc4 Qc7 12. Be2 O-O-O 13. h4 Bd6 14. Nh3 h6 15. Nc4 Be7 16. Be3 hxg5 17. Nxg5 Bxg5 18. hxg5 Rxh1+ 19. Qxh1 b5 20. Nd2 Qa5 21.
Qh7 Ne7 22. Qxg7 Bxe4 23. Nxe4 Nf5 24. Qxf7 Nxe3 25. Kf2 Qb6 26. Kf3 Rf8 27. Qe7 Rxf4+ 28. Kxf4 Nd5+ 29. Kg4 Ne5+ 30. Kh5 Nxe7 31. Rd1 Nd5 32.
Bxb5 Qe3 33. Nd6+ Kb8 34. Rf1 Qh3# 0-1

[Event "*** Titled Tuesday Blitz"]
[Site "Chess.com"]
[Date "2018.01.02"]
[Round "2"]
[White "Alohamora11"]
[Black "LuisFSiles"]
[Result "0-1"]
[WhiteElo "2103"]
[BlackElo "2215"]
[TimeControl "180+2"]
[EndTime "13:21:45 PST"]
[Termination "LuisFSiles won by resignation"]

1. e4 e5 2. Nf3 Nc6 3. d4 exd4 4.
Nxd4 g6 5. Nxc6 bxc6 6. Qd4 Qf6 7.
Qxf6 Nxf6 8. Nc3 Bb4 9. Bd2 O-O 10. Bd3 Re8 11. O-O-O Bxc3 12. Bxc3 Nxe4 13. Rhe1 Nd6 14. Ba5 Bb7 15. Bxc7 Nb5 16. Be5 d6 17. Bf6 Nc7 18. Re7 Nd5 19. Rxb7 Nxf6 20. f3 Kf8 21. Kd2 Re7 22.
Rxe7 Kxe7 23. Re1+ Kd7 24. c4 Rb8 25. Kc3 d5 26. b4 Ne8 27. a4 Nc7 28. Rd1 Ne6 29. cxd5 cxd5 30. Bc4 d4+ 31. Kb3 Rd8 32. a5 Kc7 33. Bxe6 fxe6 34. b5 e5 35. Kc4 Kd6 36. f4 Rc8+ 37. Kd3 Rc3+ 38. Ke2 Rb3 39. fxe5+ Kxe5 40.
Rc1 Ke4 41. Rc2 d3+ 0-1

[Event "*** Titled Tuesday Blitz"]
[Site "Chess.com"]
[Date "2018.01.02"]
[Round "2"]
[White "Maitreia"]
[Black "ZapataCharlesS"]
[Result "0-1"]
[WhiteElo "2562"]
[BlackElo "2625"]
[TimeControl "180+2"]
[EndTime "13:21:47 PST"]
[Termination "ZapataCharlesS won by checkmate"]

1. c4 e5 2. g3 Nf6 3. Bg2 c6 4. Nf3 e4 5. Nd4 d5 6. cxd5 Qb6 7. Nb3 cxd5 8. d3 Bb4+ 9. Bd2 O-O 10. dxe4 dxe4 11.
O-O Rd8 12. Nc3 Bxc3 13. bxc3 Be6 14. Qc2 Nbd7 15. Be3 Qa6 16. Rfd1 h6 17. Rd2 Ne5 18. Nc5 Rxd2 19. Qxd2 Qc6 20. Nxe6 Qxe6 21. Bd4 Re8 22.
Bxa7 b6 23. Rb1 Nfd7 24. a4 Ra8 25. a5 Rxa7 26. axb6 Rb7 27. Bxe4 Rxb6 28. Ra1 Rb8 29. Bd5 Qb6 30. Kg2 Qb2 31. Qxb2 Rxb2 32. Ra8+ Kh7 33.
Ra2 Rxa2 34. Bxa2 Kg6 35. f4 Ng4 36. h3 Ne3+ 37. Kf3 Nd1 38. c4 Nc5 39. e4 Kf6 40.
e5+ Ke6 41. Bb1 Nb3 42. Bh7 g6 43. h4 h5 44. g4 Nd4+ 45. Kg3 hxg4 46. Kxg4 Ne3+ 47.
Kg5 Nf3+ 48. Kh6 Nf5# 0-1

[Event "*** Titled Tuesday Blitz"]
[Site "Chess.com"]
[Date "2018.01.02"]
[Round "2"]
[White "PowerThinking2650"]
[Black "CookiesAndIceCream"]
[Result "1-0"]
[WhiteElo "2205"]
[BlackElo "2023"]
[TimeControl "180+2"]
[EndTime "13:21:51 PST"]
[Termination "PowerThinking2650 won by resignation"]

1. e4 e5 2. Nf3 Nc6 3. Nc3 Nf6 4. d4 exd4 5. Nxd4 Bc5 6. Nxc6 bxc6 7. Bd3 d6 8. O-O Ng4 9. h3 Ne5 10. Be2 O-O 11.
Na4 Bb4 12. a3 Ba5 13. b4 Bb6 14. c4 Qe7 15. Bb2 a5 16. c5 dxc5 17. bxc5 Bxc5 18.
Nxc5 Qxc5 19. Rc1 Qe7 20. f4 Ng6 21. e5 Bf5 22. Bc4 Rfd8 23. Qe2 Rab8 24. g4 Be6 25. Bxe6 fxe6 26. f5 exf5 27. gxf5 Qg5+ 28. Kh1 Nh4 29. Rg1 Qxf5 30. Rg4 Ng6 31. e6 Re8 32. Re1 Nf4 33. Rxg7+ Kf8 34. e7+ 1-0

[Event "*** Titled Tuesday Blitz"]
[Site "Chess.com"]
[Date "2018.01.02"]
[Round "2"]
[White "ramses135"]
[Black "rasool78"]
[Result "1-0"]
[WhiteElo "2367"]
[BlackElo "2210"]
[TimeControl "180+2"]
[EndTime "13:21:55 PST"]
[Termination "ramses135 won on time"]

1. e4 g6 2. d4 Bg7 3. Nc3 c5 4. Be3 cxd4 5. Bxd4 Nf6 6. e5 Nh5 7. Nge2 f6 8. Ng3 Nxg3 9. exf6 Nxh1 10. fxg7 Rg8 11. Bc4 e6 12. Ne4 d5 13. Nf6+ Kf7 14.
Qf3 Rxg7 15. Nxh7+ Kg8 16. Nf6+ Kf8 17. Bc5+ Kf7 18. Nxd5+ Kg8 19. Nf6+ Kf7 20. Ne4+ Kg8 21. Rd1 Qh4 22. Qf8+ Kh7 23. Nf6+ Kh6 24. Qh8+ Kg5 25. Be3+ Kxf6 26. Qxh4+ g5 27. Qh6+ Rg6 28. Qf8+ 1-0

[Event "*** Titled Tuesday Blitz"]
[Site "Chess.com"]
[Date "2018.01.02"]
[Round "2"]
[White "jposthuma"]
[Black "Vamostodorecto"]
[Result "0-1"]
[WhiteElo "2348"]
[BlackElo "2367"]
[TimeControl "180+2"]
[EndTime "13:22:01 PST"]
[Termination "Vamostodorecto won on time"]

1. d4 Nf6 2. c4 g6 3. Nc3 d5 4. cxd5 Nxd5 5. Na4 Bg7 6. e4 Nb6 7. Be3 e5 8. d5 O-O 9. Bd3 f5 10. Nxb6 axb6 11. Nf3 f4 12. Bd2 Nd7 13. O-O Nc5 14.
Bc3 Qe8 15. Bc2 h6 16. d6 c6 17. b4 Nd7 18. Bb3+ Kh7 19. Nd2 g5 20. b5 Nc5 21.
Qc2 cxb5 22. Bd5 g4 23. Rab1 Be6 24. Bxe6 Qxe6 25. Rxb5 Rxa2 26. Qb1 f3 27. g3 Ra6 28. Rxb6 Qg6 29. h4 gxh3 30. Kh2 Rd8 31. Nc4 Nxe4 32. Bxe5 Rxb6 33. Qxb6 Rd7 0-1

[Event "*** Titled Tuesday Blitz"]
[Site "Chess.com"]
[Date "2018.01.02"]
[Round "2"]
[White "Markov_Mikhail"]
[Black "Jospem"]
[Result "0-1"]
[WhiteElo "2551"]
[BlackElo "2633"]
[TimeControl "180+2"]
[EndTime "13:22:06 PST"]
[Termination "Jospem won by resignation"]

1. c4 c5 2. Nf3 Nc6 3. g3 g6 4. Bg2 Bg7 5. O-O d6 6. Nc3 e6 7. a3 Nge7 8. b4 O-O 9. Rb1 b6 10. e3 Bb7 11. d4 Nf5 12. Ne2 Qc7 13. Bb2 Rad8 14. Rc1 h5 15. h4 Rfe8 16. Qd2 e5 17. Rfd1 Nce7 18. d5 Bc8 19. b5 Bh6 20. a4 f6 21. a5 Ng7 22. Ra1 Rf8 23. axb6 axb6 24. Ra8 Bd7 25. Rda1 Rxa8 26. Re1 Rae8 27. Nc3 Bf5 28.
Ra1 Nc8 29. Ra6 Kh7 30. Na4 g5 31. Bc3 g4 32. Ne1 Qb7 33. Qa2 Rf7 34. Bf1 Bg6 35. Bd3 Bxd3 36. Nxd3 f5 37. Qa1 Qb8 38. Qb1 Ree7 39.
Nc1 Kg8 40. Nb3 Ne8 41. Qd1 Bg7 42. Nd2 Nc7 43. e4 f4 44. gxf4 Rxf4 45. Nf1 Nxa6 46. bxa6 Qa7 47. Ng3 Qxa6 48. Nxh5 Ref7 49. Nxf4 Rxf4 50.
Bd2 Rf3 51. Nc3 Qxc4 52. Be1 Qd3 53. Qa4 Rf8 54. Qd7 g3 55. Qe6+ Kh8 56. h5 gxf2+ 57.
Bxf2 Qxc3 58. h6 Qc1+ 59. Kg2 Qxh6 0-1

[Event "*** Titled Tuesday Blitz"]
[Site "Chess.com"]
[Date "2018.01.02"]
[Round "2"]
[White "ViktorMatviishen"]
[Black "PinguInTheCity"]
[Result "1-0"]
[WhiteElo "2226"]
[BlackElo "2088"]
[TimeControl "180+2"]
[EndTime "13:22:06 PST"]
[Termination "ViktorMatviishen won by checkmate"]

1. d4 Nf6 2. c4 e6 3. Nf3 d5 4. g3 Be7 5. Bg2 O-O 6. O-O c6 7. Qc2 Nbd7 8. Nbd2 b6 9. b3 Ba6 10. Bb2 Rc8 11. Rfd1 c5 12. e4 dxc4 13. bxc4 cxd4 14. e5 Nd5 15. Qe4 Nc5 16. Qxd4 Nb4 17. Qg4 Ncd3 18. Bc3 Nc2 19. Rab1 Na3 20. Rb3 Nxc4 21. Ne4 Kh8 22. Bf1 Na3 23. Nd6 Bxd6 24. exd6 f6 25. Rxa3 Qxd6 26.
Rxa6 Rxc3 27. Rxa7 g6 28. Qd4 Qxd4 29. Nxd4 Ne5 30.
Nxe6 Re8 31. Re7 Rec8 32. Nf4 Rc2 33. Nd5 Rf8 34. Nxf6 Nf7 35. Rdd7 Kg7 36. Ne8+ Kg8 37. Bh3 Ng5 38. Be6+ Nxe6 39. Rxe6 Rfxf2 40. Nf6+ Kf8 41. Re8# 1-0

[Event "*** Titled Tuesday Blitz"]
[Site "Chess.com"]
[Date "2018.01.02"]
[Round "2"]
[White "TrickyTrapChess"]
[Black "Adham_Fawzy"]
[Result "0-1"]
[WhiteElo "2237"]
[BlackElo "2390"]
[TimeControl "180+2"]
[EndTime "13:22:06 PST"]
[Termination "Adham_Fawzy won by resignation"]

1. c4 e5 2. Nc3 Nc6 3. g3 g6 4. Bg2 Bg7 5. e3 Nge7 6. Nge2 O-O 7. O-O d6 8. d4 exd4 9. exd4 Bg4 10. Be3 Nf5 11. h3 Bxe2 12. Qxe2 Ncxd4 13. Qd3 c6 14. Rad1 Nxe3 15. fxe3 Ne6 16. Qxd6 Qg5 17. Ne4 Qxe3+ 18. Kh1 Rad8 19. Qb4 Rxd1 20. Rxd1 Qe2 21. Re1 Qd3 22. b3 b6 23. Qd6 Rd8 24. Qe7 Qd4 25. Qxa7 f5 26. Qe7 Nf8 27. Ng5 Rd7 28. Qe2 h6 29.
Nf3 Qd6 30. Kh2 h5 31. h4 Bf6 32. Kh3 Re7 33. Qf2 Qd7 34. Rxe7 Bxe7 35. Qxb6 f4+ 36. Kh2 Bd6 37. gxf4 Bxf4+ 38. Kg1 Qd1+ 39. Bf1 Qxf3 40. Qf2 Be3 0-1

[Event "*** Titled Tuesday Blitz"]
[Site "Chess.com"]
[Date "2018.01.02"]
[Round "2"]
[White "Boryboy"]
[Black "Superfelix"]
[Result "1-0"]
[WhiteElo "2414"]
[BlackElo "2258"]
[TimeControl "180+2"]
[EndTime "13:22:11 PST"]
[Termination "Boryboy won by resignation"]

1. e4 c6 2. Nc3 g6 3. h4 h5 4. Bc4 Bg7 5. Nf3 b5 6. Bb3 a5 7. a3 Na6 8. d4 e6 9. e5 a4 10.
Ba2 d5 11. exd6 Qxd6 12. Ne4 Qc7 13. Bg5 f6 14. Be3 Ne7 15. Qd2 Nf5 16. Bf4 Qe7 17.
O-O-O Nc7 18. Rhe1 Nd5 19. Kb1 O-O 20. Nc5 Ra7 21.
Re2 Qf7 22. Rde1 Re8 23. Bxd5 cxd5 24. Qb4 Bd7 25. g3 Bf8 26. Nd2 Nd6 27. Bxd6 Bxd6 28. f4 Rc7 29. Ka1 e5 30. fxe5 fxe5 31. c3 e4 32. Nf1 Rf8 33. Ne3 Bxg3 34. Rg1 Bf2 35. Rf1 Bxe3 36. Rxf7 Rxf7 37. Rxe3 Rf1+ 38. Ka2 Be8 39. Qa5 Re7 40. Qd8 Kf8 41. Nd3 Rf3 42. Rxf3+ exf3 43. Qd6 Bf7 44. Qf6 Re3 45. Ne5 Rxe5 46.
dxe5 d4+ 47. e6 1-0

[Event "*** Titled Tuesday Blitz"]
[Site "Chess.com"]
[Date "2018.01.02"]
[Round "2"]
[White "gkchesstiger"]
[Black "TheNomNomFactor"]
[Result "1-0"]
[WhiteElo "2612"]
[BlackElo "2405"]
[TimeControl "180+2"]
[EndTime "13:22:16 PST"]
[Termination "gkchesstiger won by resignation"]

1. d4 Nf6 2. Nf3 e6 3. Bf4 c5 4.
e3 Nc6 5. c3 d5 6. Nbd2 Bd6 7.
Bg3 O-O 8. Bb5 Qc7 9. dxc5 Bxg3 10. hxg3 e5 11. b4 a5 12. a3 Bg4 13. Qb1 e4 14.
Nd4 Ne5 15. N2b3 Bd7 16. Be2 a4 17. Nd2 b6 18. cxb6 Qxb6 19. c4 dxc4 20. Nxe4 h6 21. Nxf6+ Qxf6 22. Qe4 Rac8 23. Rc1 Rfe8 24. Qf4 Qg6 25. O-O Nd3 26. Bxd3 Qxd3 27. Ra1 c3 28.
Rfd1 Qc4 29. Rdc1 Rc7 30. Rc2 Rec8 31. Rac1 Qd5 32. Qf3 Qe5 33. Qf4 Qd5 34. g4 Bc6 35.
f3 Bb5 36. Nxb5 Qxb5 37. Qd4 Rc4 38. Rxc3 Rxd4 39. Rxc8+ Kh7 40. exd4 Qd3 41. R8c3 Qxd4+ 42. Kh1 h5 43. b5 hxg4 44. fxg4 Qxg4 45. b6 Kg6 46. b7 Qh4+ 47. Rh3 Qd4 1-0

[Event "*** Titled Tuesday Blitz"]
[Site "Chess.com"]
[Date "2018.01.02"]
[Round "2"]
[White "Jbd735"]
[Black "bascheyaro"]
[Result "0-1"]
[WhiteElo "2279"]
[BlackElo "2554"]
[TimeControl "180+2"]
[EndTime "13:22:19 PST"]
[Termination "bascheyaro won by resignation"]

1. d4 Nf6 2. Nf3 d5 3. c3 c6 4.
Bf4 Bf5 5. e3 e6 6. Bd3 Bg6 7.
O-O Bd6 8. Ne5 Bxe5 9. Bxe5 Nbd7 10. Bg3 O-O 11. Bxg6 hxg6 12. Nd2 Qe7 13. Nf3 Ne4 14.
Nd2 Nxg3 15. hxg3 e5 16. Qg4 Nf6 17. Qh4 e4 18. Rfe1 Qe6 19. Kf1 a5 20. Ke2 Qg4+ 21. Qxg4 Nxg4 22. Rh1 b5 23. Rh4 f5 24. Nb3 Nf6 25.
Nc5 Kf7 26. Rah1 b4 27. Rc1 Rfb8 28. b3 Ra7 29. c4 Rba8 30. Rhh1 a4 31. Nxa4 Rxa4 32.
bxa4 Rxa4 33. cxd5 Rxa2+ 34. Kd1 Nxd5 35. Rc2 Ra1+ 36.
Rc1 Ra6 37. Kc2 Ra2+ 38. Kb3 Rxf2 39. Rxc6 Rxg2 40. Rd6 Nxe3 41. Rd7+ Kf6 42. Rd6+ Kg5 43. Rh7 Rxg3 44. Rxg7 Kh6 45. Rg8 f4 46. Kxb4 Nf5 47. Re6 e3 48. d5 f3 49. Rf8 Kg5 50. Rxf5+ Kxf5 51. Rxe3 f2 52. Re8 Rf3 53. Rf8+ Ke4 54. Rxf3 Kxf3 0-1

[Event "*** Titled Tuesday Blitz"]
[Site "Chess.com"]
[Date "2018.01.02"]
[Round "2"]
[White "Vrolijk"]
[Black "littleozy"]
[Result "1-0"]
[WhiteElo "2457"]
[BlackElo "2382"]
[TimeControl "180+2"]
[EndTime "13:22:22 PST"]
[Termination "Vrolijk won by resignation"]

1. d4 Nf6 2. c4 e6 3. Nc3 c5 4. d5 exd5 5. cxd5 d6 6. e4 g6 7. f4 Bg7 8. Bb5+ Nfd7 9. Bd3 O-O 10. Nf3 a6 11. a4 Qc7 12. O-O c4 13. Bc2 Nc5 14. Be3 Nbd7 15. Bd4 Qb6 16. Bxg7 Kxg7 17. Qd4+ Kg8 18. a5 Qa7 19. Kh1 Nb3 20. Bxb3 cxb3 21. Qxa7 Rxa7 22. Nd2 Nc5 23. Nc4 Ra8 24. Nxd6 Bd7 25.
e5 Rfd8 26. Nce4 Nd3 27. Nxb7 Rdb8 28. Nbc5 Bb5 29. Nxd3 Bxd3 30. Nf6+ Kg7 31. Rfd1 Bc2 32. Rd2 Rb4 33. g3 h5 34. Kg1 h4 35. Kf2 g5 36.
fxg5 hxg3+ 37. Kxg3 Kg6 38. h4 Bf5 39. d6 Rc4 40.
Rg1 Rc2 41. Rxc2 bxc2 42. Kf4 Be6 43. h5+ Kg7 44. Rc1 Bb3 45. Ne4 Rb8 46. Nc5 Rb4+ 47. Kg3 1-0

[Event "*** Titled Tuesday Blitz"]
[Site "Chess.com"]
[Date "2018.01.02"]
[Round "2"]
[White "TST2014"]
[Black "Laico"]
[Result "1-0"]
[WhiteElo "2300"]
[BlackElo "2164"]
[TimeControl "180+2"]
[EndTime "13:22:22 PST"]
[Termination "TST2014 won on time"]

1. d4 f5 2. Nf3 Nf6 3. g3 g6 4. Bg2 Bg7 5. O-O O-O 6. c3 d6 7.
Qb3+ Kh8 8. Ng5 d5 9. c4 c6 10.
Nc3 e6 11. Bf4 Qe7 12. Rac1 h6 13. Nf3 g5 14. Bxb8 Rxb8 15. Ne5 Qe8 16. Qa3 Ra8 17. f3 Nd7 18. f4 Nxe5 19. dxe5 Qd8 20. Rcd1 Qb6+ 21. Kh1 Bd7 22. Na4 Qa5 23. b4 Qa6 24. Qb3 dxc4 25. Qc2 Bc8 26. Nc5 Qb5 27. Rb1 a5 28. a4 Qb6 29. Qxc4 axb4 30. Nxe6 Bxe6 31. Qxe6 Rxa4 32. fxg5 hxg5 33. Rxf5 Rxf5 34. Qxf5 Qd4 35. Be4 Kg8 36. Rf1 Qxe4+ 37. Qxe4 Ra5 38. e6 Re5 39. Qg6 1-0

[Event "*** Titled Tuesday Blitz"]
[Site "Chess.com"]
[Date "2018.01.02"]
[Round "2"]
[White "Keranke"]
[Black "timator"]
[Result "0-1"]
[WhiteElo "2596"]
[BlackElo "2312"]
[TimeControl "180+2"]
[EndTime "13:22:24 PST"]
[Termination "timator won on time"]

1. d4 Nf6 2. c4 e6 3. Nc3 Bb4 4. e3 O-O 5. Ne2 d5 6. a3 Be7 7. cxd5 exd5 8. Nf4 c6 9. Bd3 Nbd7 10.
O-O Re8 11. Qc2 Nf8 12. b4 b5 13. e4 dxe4 14. Nxe4 Bb7 15. Nc5 Bxc5 16. dxc5 Qd4 17. Be3 Qe5 18. h3 Rad8 19. Rad1 Bc8 20. Bc1 Ng6 21. Nxg6 hxg6 22. Bb2 Qg5 23. Kh1 Nd5 24. Bc1 Qf6 25. Qb2 Nc3 26. Rd2 Bxh3 27. f3 Bf5 28.
Bxf5 gxf5 29. Rxd8 Rxd8 30. Bg5 Qxg5 31. Qxc3 Qh4+ 32.
Kg1 Qf6 33. Qxf6 gxf6 34. Ra1 Rd2 35. a4 bxa4 36. Rxa4 Rd7 37. Kh2 Kg7 38. Kg3 Kg6 39.
Kf4 Rd4+ 40. Ke3 Rd7 0-1

[Event "*** Titled Tuesday Blitz"]
[Site "Chess.com"]
[Date "2018.01.02"]
[Round "2"]
[White "SmoothAsAHedgehog"]
[Black "jcibarra"]
[Result "0-1"]
[WhiteElo "2519"]
[BlackElo "2732"]
[TimeControl "180+2"]
[EndTime "13:22:26 PST"]
[Termination "jcibarra won by resignation"]

1. d4 Nf6 2. c4 c5 3. d5 b5 4.
cxb5 a6 5. f3 axb5 6. e4 Qa5+ 7.
Bd2 b4 8. Na3 d6 9. Nc4 Qd8 10.
Bd3 e6 11. dxe6 Bxe6 12. Ne2 Nc6 13. O-O d5 14. exd5 Nxd5 15. Nf4 Nxf4 16. Bxf4 Be7 17.
Kh1 O-O 18. Be2 Nd4 19. Bd3 Bf6 20. Qb1 g6 21. Rd1 Bd5 22. Ne3 Be6 23. Nc2 Qa5 24.
Nxd4 Bxd4 25. Qc2 b3 26. Qe2 bxa2 27. h4 Rfe8 28. Qd2 Qxd2 29. Bxd2 Bxb2 30. h5 Bxa1 31. Rxa1 Red8 32. Be4 Rab8 33. Bc3 f5 34. Bc2 Rb4 35.
Re1 Bf7 36. Bxb4 cxb4 37. h6 b3 38. Bxb3 Bxb3 39. Rc1 Rd1+ 40. Rxd1 Bxd1 0-1

[Event "*** Titled Tuesday Blitz"]
[Site "Chess.com"]
[Date "2018.01.02"]
[Round "2"]
[White "Dr-Bassem"]
[Black "DrVelja"]
[Result "1-0"]
[WhiteElo "2643"]
[BlackElo "2548"]
[TimeControl "180+2"]
[EndTime "13:22:26 PST"]
[Termination "Dr-Bassem won on time"]

1. e4 c5 2. Nf3 Nc6 3. d3 g6 4. g3 Bg7 5. Bg2 e5 6. O-O Nge7 7. c3 O-O 8. a3 f5 9. b4 d6 10. Qb3+ Kh8 11. Ng5 Qe8 12. Nd2 h6 13.
Ngf3 f4 14. Nc4 Qd8 15. b5 Nb8 16. d4 Be6 17. Qa4 Nd7 18. d5 Bg8 19. Qc2 Nb6 20. Nxb6 axb6 21. c4 g5 22. Bh3 Qe8 23. Bg4 h5 24.
Be6 Bxe6 25. dxe6 Qg6 26. h4 gxh4 27. Nxh4 Qxe6 28. Qd1 Qg4 29. Kg2 f3+ 30. Nxf3 Qxe4 31. Re1 Qxc4 32. Nh4 Qd5+ 33. Qxd5 Nxd5 34. Ng6+ Kh7 35.
Nxf8+ Rxf8 36. Rd1 e4 37. Rxd5 1-0

[Event "*** Titled Tuesday Blitz"]
[Site "Chess.com"]
[Date "2018.01.02"]
[Round "2"]
[White "DanielNaroditsky"]
[Black "yosephtaher"]
[Result "1-0"]
[WhiteElo "2815"]
[BlackElo "2512"]
[TimeControl "180+2"]
[EndTime "13:22:31 PST"]
[Termination "DanielNaroditsky won by resignation"]

1. d4 d5 2. c4 e6 3. Nc3 Nf6 4.
cxd5 exd5 5. Bg5 Be7 6. Qc2 O-O 7. e3 c6 8. Bd3 h6 9. Bh4 Re8 10. Nge2 Nbd7 11. O-O a5 12. f3 b5 13. Kh1 Bb7 14. Bf2 Rc8 15. e4 b4 16. Na4 dxe4 17. fxe4 Ng4 18. Bg1 Bg5 19. Nc5 Nxc5 20. Qxc5 Qc7 21. Bc4 Rf8 22. Qf5 Nf6 23. Nf4 c5 24. d5 Bxf4 25. Rxf4 Nd7 26. Rd1 Qd6 27. h3 Ne5 28. Be2 c4 29. Bd4 Rfe8 30. Bxe5 Qxe5 31. Qxf7+ Kh8 32. d6 Rcd8 33. Rf5 Qxb2 34. d7 Rg8 35. Qxc4 a4 36. e5 b3 37. axb3 axb3 38. e6 Qa3 39.
Qc5 Qa2 40. Qe5 b2 41. Rh5 b1=Q 42. Rxh6+ 1-0